 Dungeon Crawl Stone Soup version 0.25-a0-949-gdd2af9e06e (webtiles) character file.

Game seed: 3817241372551202089, levelgen mode: deterministic

1762 Maedhros the Martial Artist (level 9, -2/56 HPs)
             Began as an Octopode Artificer on May 8, 2020.
             Was a Priest of Cheibriados.
             Slain by a slave (6 damage)
             ... led by Pikel
             ... on level 8 of the Dungeon.
             The game lasted 00:17:59 (3576 turns).

Maedhros the Martial Artist (Octopode Artificer)    Turns: 3576, Time: 00:17:59

Health: -2/56      AC: -3    Str: 17 (18) XL:     9   Next: 7%
Magic:  11/11      EV: 15    Int: 18 (19) God:    Cheibriados [***...]
Gold:   235        SH:  0    Dex: 21 (23) Spells: 8/8 levels left

rFire    . . .     SeeInvis .     - Unarmed
rCold    . . .     Gourm    .   (no shield)
rNeg     . . .     Faith    .   (helmet restricted)
rPois    .         Spirit   .   (no amulet)
rElec    .         Reflect  .   x - +2 ring of dexterity
rCorr    .         Harm     .   (no ring)
MR       .....                  (no ring)
Stlth    ++++......             (no ring)
HPRegen  0.18/turn              (no ring)
MPRegen  0.12/turn              (no ring)
                                (no ring)
                                (no ring)

@: corroded, very slightly contaminated, invisible, very slow
A: almost no armour, stealthy swim, amphibious, 8 rings, constrict 8, camouflage
1, gelatinous body 1
a: Bend Time, Temporal Distortion, Renounce Religion


You were on level 8 of the Dungeon.
You worshipped Cheibriados.
Cheibriados was most pleased with you.
You were not hungry.

You visited 2 branches of the dungeon, and saw 9 of its levels.
You also visited: Ossuary.

You collected 235 gold pieces.

Inventory:

Hand Weapons
 B - a +1 flail of protection
Missiles
 b - 4 boomerangs
 k - 6 curare-tipped darts (quivered)
 s - 21 poisoned darts
 A - 37 sling bullets
Jewellery
 i - an uncursed ring of ice
 x - a +2 ring of dexterity (left tentacle)
Wands
 v - a wand of iceblast (6)
Scrolls
 d - a scroll of immolation
 j - a scroll of enchant weapon {unknown}
 l - 2 scrolls of enchant armour {unknown}
 n - 3 scrolls of remove curse
 o - 2 scrolls of magic mapping {unknown}
 p - 2 scrolls of noise {unknown}
 q - a scroll of fog {unknown}
 u - 2 scrolls of teleportation {unknown}
 y - 2 scrolls of amnesia
Potions
 e - 2 potions of resistance
 g - a potion of magic
 h - a potion of degeneration
 m - a potion of curing
 r - a potion of stabbing
 w - a potion of mutation
 z - a potion of might
Comestibles
 f - 8 rations
 C - a chunk of flesh


   Skills:
 + Level 3.0 Fighting
   Level 1.0 Short Blades
 + Level 3.5 Dodging
 - Level 4.0 Stealth
 - Level 10.1 Unarmed Combat
 - Level 3.2 Evocations


You had 8 spell levels left.
You didn't know any spells.
Your spell library was empty.

Dungeon Overview and Level Annotations

Branches:
Dungeon (8/15)             Temple (1/1) D:6         Ossuary (visited)
   Lair: D:8-11

Altars:
Ashenzari
Cheibriados
Dithmenos
Elyvilon
Fedhas
Gozag
Hepliaklqana
Kikubaaqudgha
Makhleb
Nemelex Xobeh
Okawaru
Ru
Sif Muna
Trog
Uskayaw
Vehumet
Wu Jian
Xom
Yredelemnul
Zin
The Shining One

Annotations:
D:5 2 transporters, Turtleman12345's ghost, novice OpTm
D:8 Pikel


Innate Abilities, Weirdness & Mutations

You cannot wear most types of armour.
You are very stealthy in the water. (Stealth+)
You are amphibious.
You can wear up to eight rings at the same time.
You can use your tentacles to constrict eight enemies at once.
Your skin changes colour to match your surroundings (Stealth+).
Your rubbery body absorbs attacks. (AC +1, EV +1)


Message History

The slave barely misses your slave.
Unknown command.
Unknown command.
It was a potion of degeneration.
There was something very wrong with that liquid.
You feel weakened.
You feel dopey.
You feel clumsy.
The centaur shoots an arrow.
The arrow misses the slave.
The arrow hits the slave!
The bullfrog hits you!
* * * LOW HITPOINT WARNING * * *
Pikel zaps a wand.
The bolt of acid hits the bullfrog!
The bullfrog is splashed with acid.
The acid corrodes the bullfrog!
The bolt of acid misses you. The bolt of acid hits your slave!
Your slave is splashed with acid!
Your slave seems to be corroded for longer.
Your slave dies!
The centaur shoots an arrow.
The arrow closely misses the slave.
The arrow hits the slave but does no damage.
The slave hits you.
You die...
Xom snickers!

#......#
#.##.#.###..
# #.........
#.#..#.####.
##.#.##.#
#.......####
#.##.##.....
# #.ppc.###
#@##.## #F#
#
#...Kp..KFp.
############


You could see Pikel, 3 slaves, a bullfrog (wandering) and a centaur.

Vanquished Creatures
  Grinder (D:4)
  Sigmund (D:6)
  An ogre (D:4)
  2 phantoms (D:6)
  A centaur (D:4)
  2 bullfrogs
  A crimson imp (D:6)
  A jelly (D:8)
  2 orc priests
  A hound (D:7)
  A bullfrog skeleton (D:6)
  Natasha (D:2)
  A centaur skeleton (D:6)
  2 worker ants
  An orc wizard (D:4)
  13 mummies (Ossuary)
  4 gnolls (D:2)
  6 adders
  A shadow imp (D:6)
  2 adder skeletons (D:4)
  A worm (D:6)
  2 dart slugs (D:1)
  2 leopard geckos
  15 orcs
  4 giant cockroaches
  8 goblins
  8 hobgoblins
  14 jackals
  2 quokkas
  A ball python (D:3)
  3 bats
  5 frilled lizards
  4 goblin skeletons (Ossuary)
  A goblin zombie (D:4)
  4 kobolds
  A kobold skeleton (Ossuary)
  3 orc skeletons (Ossuary)
  2 quokka zombies
  6 rats
  11 rat skeletons (Ossuary)
142 creatures vanquished.

Vanquished Creatures (collateral kills)
  Blork the orc (D:5)
  Menkaure (D:5)
  A wyvern zombie (D:8)
  A hound (D:8)
  A gnoll shaman (D:8)
  6 gnolls (D:8)
  An adder (D:3)
  An adder skeleton (D:4)
  A worm (D:4)
  A leopard gecko (D:8)
  5 orcs
20 creatures vanquished.

Vanquished Creatures (others)
  A slave (D:8)
  2 worker ants
  An adder (D:8)
4 creatures vanquished.

Grand Total: 166 creatures vanquished

Notes
Turn   | Place    | Note
-------+----------+-------------------------------------------
     0 | D:1      | Maedhros the Octopode Artificer began the quest for the
                  | Orb.
     0 | D:1      | Reached XP level 1. HP: 13/13 MP: 3/3
    41 | D:1      | Reached XP level 2. HP: 13/18 MP: 4/4
   250 | D:3      | Reached XP level 3. HP: 13/23 MP: 5/5
   253 | D:3      | Reached skill level 1 in Unarmed Combat
   389 | D:4      | Noticed an ogre
   391 | D:4      | Noticed Grinder
   404 | D:4      | Killed an ogre
   404 | D:4      | Reached skill level 3 in Unarmed Combat
   404 | D:4      | Reached XP level 4. HP: 15/28 MP: 6/6
   404 | D:4      | Reached XP level 5. HP: 18/33 MP: 7/7
   474 | D:4      | Found a shimmering blue altar of Sif Muna.
   656 | D:4      | Found a sand-covered staircase.
   663 | Ossuary  | Entered an ossuary
   682 | Ossuary  | Reached skill level 4 in Unarmed Combat
   865 | Ossuary  | Reached skill level 5 in Unarmed Combat
   865 | Ossuary  | Reached XP level 6. HP: 13/38 MP: 8/8
  1349 | D:5      | Entered Level 5 of the Dungeon
  1349 | D:5      | Noticed Menkaure
  1349 | D:5      | Noticed Blork the orc
  1361 | D:5      | Killed Menkaure
  1361 | D:5      | Reached skill level 6 in Unarmed Combat
  1410 | D:5      | Killed Blork the orc
  1410 | D:5      | Reached XP level 7. HP: 24/43 MP: 9/9
  1495 | D:6      | Reached skill level 7 in Unarmed Combat
  1732 | D:6      | Noticed Sigmund
  1739 | D:6      | Killed Sigmund
  1739 | D:6      | Reached skill level 8 in Unarmed Combat
  1739 | D:6      | Reached XP level 8. HP: 20/48 MP: 10/10
  1785 | D:6      | Found a staircase to the Ecumenical Temple.
  1791 | Temple   | Entered the Ecumenical Temple
  1800 | Temple   | Became a worshipper of Xom the Psychotic
  1813 | Temple   | Fell from the grace of Xom
  1813 | Temple   | Became a worshipper of Cheibriados the Contemplative
  1834 | D:5      | Identified the +10 dire flail "Nabrec" {vorpal, Int+4}
  1839 | D:5      | Found a transporter.
  1839 | D:5      | Noticed Turtleman12345's ghost (novice OpTm)
  1843 | D:5      | Found a transporter.
  2142 | D:2      | XOM: stat loss: -2 Dex (13/15)
  2410 | D:2      | Reached * piety under Cheibriados
  2484 | D:2      | Noticed Natasha
  2493 | D:2      | Killed Natasha
  2494 | D:2      | Reached skill level 9 in Unarmed Combat
  2626 | D:4      | Killed Grinder
  2647 | D:3      | Reached ** piety under Cheibriados
  2752 | D:3      | Found a sparkling altar of Nemelex Xobeh.
  2757 | D:3      | Found an ornate altar of the Wu Jian Council.
  2762 | D:3      | Found a burning altar of Makhleb.
  2770 | D:3      | XOM: cloud trail
  3087 | D:6      | Reached skill level 10 in Unarmed Combat
  3251 | D:7      | XOM: 2-stop teleportation journey
  3390 | D:8      | XOM: 2-stop teleportation journey
  3410 | D:8      | Noticed a hornet
  3422 | D:8      | Reached *** piety under Cheibriados
  3426 | D:8      | Reached XP level 9. HP: 19/55 MP: 11/11
  3445 | D:8      | HP: 2/55 [bullfrog (4)]
  3568 | D:8      | Noticed Pikel
  3576 | D:8      | Slain by a slave

Levels and vault maps discovered:
D:1:      wander_arrival_chamber, layout_basic
D:2:      layout_rooms, first_ration, uniq_natasha
D:3:      layout_basic, minmay_overflow_temple_star_quad
D:4:      layout_basic, enter_ossuary_4, kennysheep_flooded_box, uniq_grinder
D:5:      layout_gridville, gammafunk_ghost_smash, chequers_arboretum,
          uniq_menkaure, uniq_blork_the_orc
D:6:      layout_loops_corners, minmay_temple_entry_hall, serial_glass,
          glass_columns_a, glass_columns_c, glass_columns_a, glass_columns_b,
          glass_columns_a, glass_columns_a, minmay_strange_pillars,
          due_unseen_surprise, feat_on_display, uniq_sigmund
D:7:      layout_basic, grunt_qazlal_clouds, serial_shops, nicolae_shop_trees,
          grunt_livestock, kennysheep_generic_room_5
D:8:      layout_loops_cross, basic_altar, uniq_psyche, uniq_gastronok,
          uniq_pikel
Temple:   nicolae_temple_no_exploring_needed

Skill      XL: |  1  2  3  4  5  6  7  8  9 |
---------------+----------------------------+-----
Stealth        | 3 4 |  4.0
Unarmed Combat | 3 5 6 8 10 | 10.1
Fighting       | 2 3 |  3.0
Dodging        | 3 |  3.5
Short Blades   | |  1.0
Evocations     | |  3.2

Action                   |  1- 3 |  4- 6 |  7- 9 || total
-------------------------+-------+-------+-------++-------
Melee: Short sword       |    46 |    58 |       ||   104
       Constrict         |    13 |    28 |    32 ||    73
       Tentacles         |     4 |    20 |    32 ||    56
       Punch             |       |     5 |    14 ||    19
       Unarmed           |       |    19 |   148 ||   167
       Flail             |       |       |     1 ||     1
Evoke: Wand              |     8 |    23 |    21 ||    52
  Use: Potion            |     1 |     2 |    10 ||    13
       Scroll            |     1 |       |     7 ||     8
 Stab: Sleeping          |     4 |    14 |    10 ||    28
       Distracted        |       |       |     4 ||     4
       Betrayed ally     |       |       |     1 ||     1
  Eat: Chunk             |       |     2 |     6 ||     8
Armor: Skin              |     4 |     2 |     5 ||    11
Dodge: Dodged            |    32 |    47 |    96 ||   175

Table legend:
 A = Non-vault XP
 B = Vault XP
 C = Vault XP percentage of total XP
 D = Non-vault monster count
 E = Vault monster count
 F = Vault count percentage of total count
                 A         B        C        D         E       F
            +---------+---------+-------+---------+---------+-------
      Total |    1516 |    1002 |  39.8 |     123 |      38 |  23.6
            +---------+---------+-------+---------+---------+-------
        D:1 |      48 |       0 |   0.0 |      24 |       0 |   0.0
        D:2 |     124 |      37 |  23.0 |      14 |       1 |   6.7
        D:3 |      45 |       0 |   0.0 |      24 |       0 |   0.0
        D:4 |     324 |     264 |  44.9 |      23 |       3 |  11.5
        D:5 |      37 |     235 |  86.4 |       1 |       2 |  66.7
        D:6 |     581 |     220 |  27.5 |      18 |       1 |   5.3
        D:7 |      95 |       0 |   0.0 |       7 |       0 |   0.0
        D:8 |     262 |       0 |   0.0 |      12 |       0 |   0.0
    Ossuary |       0 |     246 | 100.0 |       0 |      31 | 100.0
            +---------+---------+-------+---------+---------+-------
